 Dungeon Crawl Stone Soup version 0.30.1-4-g462c640d31 (webtiles) character file.

Game seed: 7577003522097629529

1602078 ShellytheWitch the Conqueror (level 27, 245/245 HPs)
             Began as a Minotaur Berserker on Sept 12, 2023.
             Was a High Priest of Trog.
             Escaped with the Orb
             ... and 3 runes on Sept 15, 2023!
             The game lasted 07:23:15 (84356 turns).

ShellytheWitch the Conqueror (Minotaur Berserker)  Turns: 84356, Time: 07:23:16

Health: 245/245    AC: 38    Str: 31    XL:     27
Magic:  7/7        EV: 32    Int:  6    God:    Trog [*****.]
Gold:   4642       SH:  0    Dex: 21    Spells: 26/26 levels left

rFire   + + .        a - +9 battleaxe of Ewuisod {antimagic, SInv}
rCold   + + .        (shield currently unavailable)
rNeg    + . .        X - +2 storm dragon scales
rPois   +            x - +2 hat of the Bear Spirit {Spirit, Bear, *Rage Will++}
rElec   +            y - +4 dragonskin cloak
rCorr   .            m - +0 pair of gloves "Xojywom" {rF++ rC+ SInv}
SInv    +            A - +2 pair of boots {Stlth+}
Will    +++++        S - macabre finger necklace {Finger+ rN+} Stlth
                     L - ring of Toegapt {Will+ EV+5 Int+2}
HPRegen 0.60/turn    w - ring "Bonluarchi" {rC+ Will+ Slay+2}
MPRegen 0.10/turn    U - ring "Hownergh" {rPois Dex+6}

%: random rage (20%), guardian spirit
@: studying Stealth
A: horns 2, retaliatory headbutt, talons 1, frail 1, passive freeze, poison
resistance, teleportitis 1
0: Orb of Zot
}: 3/15 runes: decaying, serpentine, silver
a: Renounce Religion, Berserk, Trog's Hand, Brothers in Arms


You escaped.
You worshipped Trog.
Trog was extremely pleased with you.
You visited 9 branches of the dungeon, and saw 47 of its levels.
You visited 1 bazaar.
You also visited: Trove, Gauntlet, Ice Cave and Volcano.

You collected 11323 gold pieces.
You spent 6681 gold pieces at shops.

Inventory:

Hand Weapons
 a - the +9 battleaxe of Ewuisod (weapon) {antimagic, SInv}
   (Trog gifted it to you on level 1 of the Depths)

   SInv:      It lets you see invisible.
 b - a +4 triple crossbow of draining
 c - the +6 battleaxe "Jaxarivo" {elec, Will++ Int+2 Dex+4}
   (You bought it in a shop in a bazaar)

   Int:       It affects your intelligence (+2).
   Dex:       It affects your dexterity (+4).
   Will:      It greatly increases your willpower.
 C - the +2 hand axe "Quczyval" {vamp, rN+ Str+4}
   (You found it on level 1 of the Lair of Beasts)

   Str:       It affects your strength (+4).
   rN:        It protects you from negative energy.
 N - a +8 executioner's axe of draining
 Q - a +9 executioner's axe of venom
 W - a +0 executioner's axe of flaming
 Z - the +11 war axe of the Spinneret {flame, rElec Str+2 Int+5}
   (You found it on level 3 of the Vaults)

   Str:       It affects your strength (+2).
   Int:       It affects your intelligence (+5).
   rElec:     It insulates you from electricity.
Armour
 m - the +0 pair of gloves "Xojywom" (worn) {rF++ rC+ SInv}
   (You found it on level 3 of the Elven Halls)

   rF:        It greatly protects you from fire.
   rC:        It protects you from cold.
   SInv:      It lets you see invisible.
 q - the +13 chain mail of Depression {Int+3}
   (You took it off an orc warrior on level 8 of the Dungeon)

   Int:       It affects your intelligence (+3).
 x - the +2 hat of the Bear Spirit (worn) {Spirit, Bear, *Rage Will++}
   (You found it on level 2 of the Depths)

   Bear:      Going berserk makes the wearer exceptionally tough, and they are
   slowed for a shorter time afterward.
   *Rage:     It berserks you when you make melee attacks (+20% chance).
   Will:      It greatly increases your willpower.
 y - the +4 dragonskin cloak (worn)
   (You took it off Tiamat on level 1 of the Realm of Zot)

   Avatar's Aegis: It grants the wearer a chance to resist fire, cold, poison,
   electricity, acid, and negative energy.
 A - a +2 pair of boots of stealth (worn)
 X - +2 storm dragon scales (worn)
Jewellery
 f - a ring of flight
 j - an amulet of guardian spirit
 o - an amulet of reflection
 w - the ring "Bonluarchi" (right hand) {rC+ Will+ Slay+2}
   (You found it on level 4 of the Dungeon)

   [ring of protection from cold]

   Slay:      It affects your accuracy & damage with ranged weapons and melee
   (+2).
   rC:        It protects you from cold.
   Will:      It increases your willpower.
 z - an amulet of regeneration
 F - a ring of positive energy
 I - the ring of the Piercing Gods {rF+ rC+ rN+}
   (You found it on level 3 of the Swamp)

   [ring of protection from cold]

   rF:        It protects you from fire.
   rC:        It protects you from cold.
   rN:        It protects you from negative energy.
 K - the ring of Ethics {Fly MP+9 Dex+6}
   (You found it on level 1 of the Realm of Zot)

   [ring of dexterity]

   Dex:       It affects your dexterity (+6).
   MP:        It affects your magic capacity (+9).
   Fly:       It grants you flight.
 L - the ring of Toegapt (left hand) {Will+ EV+5 Int+2}
   (You found it in a Gauntlet)

   [ring of evasion]

   EV:        It affects your evasion (+5).
   Int:       It affects your intelligence (+2).
   Will:      It increases your willpower.
 M - a ring of resist corrosion
 S - the macabre finger necklace (around neck) {Finger+ rN+}
   (You bought it in a shop on level 2 of the Orcish Mines)

   [amulet of nothing]

   Finger+:   It enables you to equip an extra ring.
   rN:        It protects you from negative energy.
 U - the ring "Hownergh" (on amulet) {rPois Dex+6}
   (You took it off a deep elf zephyrmancer on level 3 of the Elven Halls)

   [ring of dexterity]

   Dex:       It affects your dexterity (+6).
   rPois:     It protects you from poison.
 V - a +5 ring of evasion
 Y - a ring of willpower
Wands
 R - a wand of digging (20)
Scrolls
 g - 15 scrolls of blinking
 h - 30 scrolls of teleportation
 u - 2 scrolls of silence
 B - 7 scrolls of magic mapping
 D - 10 scrolls of fear
 G - 12 scrolls of fog
 H - 8 scrolls of poison
 O - 7 scrolls of butterflies
 T - 10 scrolls of immolation
Potions
 d - 11 potions of resistance
 e - 12 potions of flight
 i - 11 potions of mutation
 k - 7 potions of lignification
 l - 12 potions of heal wounds
 n - 13 potions of haste
 p - 9 potions of attraction
 r - 5 potions of cancellation
 s - 18 potions of might
 t - 4 potions of berserk rage
 v - 37 potions of curing
 E - 4 potions of ambrosia
 P - 7 potions of invisibility


   Skills:
 O Level 27 Fighting
 - Level 24.0 Axes
 - Level 26.0 Ranged Weapons
 + Level 26.8 Armour
 + Level 24.8 Dodging


You had 26 spell levels left.
You didn't know any spells.
Your spell library was empty.

Dungeon Overview and Level Annotations

Branches:
Dungeon (15/15)            Temple (0/1) D:6            Lair (5/5) D:8
  Swamp (4/4) Lair:2        Snake (4/4) Lair:2        Slime (0/5) Lair:4
    Orc (2/2) D:9             Elf (3/3) Orc:2        Vaults (5/5) D:13
  Crypt (0/3) Vaults:2     Depths (4/4) D:15            Zot (5/5) Depths:4
  IceCv (visited)         Volcano (visited)         Gauntlet (visited)

Altars:
Kikubaaqudgha
Nemelex Xobeh
Sif Muna
Xom
Yredelemnul

Shops:
D:3 *   D:4 ?:   Orc:1 [   Orc:2 ([=*=   Elf:1 ?!:(   Elf:2 ?((   Snake:4 *
Vaults:1 (*   Depths:1 :=:   Depths:4 !

Portals:
Hell: Depths:1 Depths:2 Depths:3 Depths:4
Abyss: Depths:3
Pandemonium: Depths:2
Ziggurat: Depths:2


Innate Abilities, Weirdness & Mutations

You have a pair of horns on your head.
You reflexively headbutt those who attack you in melee.
You have sharp toenails.
You are frail. (-10% HP)
A frigid envelope surrounds you and freezes all who hurt you.
Your system is resistant to poisons. (rPois)
You are occasionally teleported next to monsters.


Message History

You kill the Orb Guardian!
Trog accepts your kill. The Orb Guardian barely misses you.
You miss the Orb Guardian. You headbutt the Orb Guardian!
The Orb Guardian is almost dead.
You slash the Orb Guardian! You headbutt the Orb Guardian.
You kill the Orb Guardian!
Trog accepts your kill.
A red devil comes into view. It is wielding a +0 trident.
You feel a strong urge to attack something.
There is an escape hatch in the ceiling here.
You feel your anger nearly subside.
You are no longer berserk.
You are exhausted.
You feel yourself slow down. A mysterious force pulls you upwards.
The hatch slams shut behind you.
You feel yourself speed up.
HP restored.
You see here 6 poisoned darts.
You feel yourself speed up.
There is a stone staircase leading up here.
You climb upwards.
A Pecier, a lich and a soul eater come into view.
There is a stone staircase leading down here.
The lich shouts!
The lich launches a ball of destructive magic.
An orb of destruction comes into view.
Your extra speed is starting to run out.
The lich casts a spell.
The lich flickers and vanishes for a moment.
There is a stone staircase leading up here.
You climb upwards.
There is a stone staircase leading down here.
You recover from your berserk rage.
You feel yourself slow down.
There is a stone staircase leading up here.
You climb upwards.
There is a stone staircase leading down here.
There is a staircase leading out of the dungeon here.
You can't go down here!
You have escaped!

#............)..#
#.###.#####.###.### ##.###.# #.#
#.... ##.#.##.#####.# ##### #####
#.###.......#.# #.... ..>.######
#.......###.#.# #.###
###......####.............###.#
###..###......................###
.>...# #........@.........###....
.#.#.###.####............#....###
###......# #..........#.#.#####
.#.####### #..............# #.##
#..###.....#.### #.#
#..####.#.##.# ..#
#####............# ..#
#............[.### ..#
#.###.#####.#.###


There were no monsters in sight!

Vanquished Creatures
  3 dread liches (Zot:5)
  5 ancient liches
  6 orbs of fire
  The ghost of ShutUppercut the Conqueror, a legendary DsGl of Qazlal (Zot:2)
  2 Killer Klowns (Zot:5)
  Vashnia (Snake:2)
  Margery (Vaults:4)
  A curse toe (Zot:2)
  Saint Roka (Snake:1)
  A caustic shrike (Depths:2)
  15 golden dragons
  Jory (Depths:4)
  2 bone dragons (Depths:4)
  2 doom hounds (Depths:2)
  5 electric golems
  17 tentacled monstrosities
  2 liches (Depths:2)
  Jorgrun (D:13)
  27 Orb Guardians
  Asterion (Snake:1)
  Rupert (Orc:2)
  A walking earthen tome (Depths:2)
  3 deep elf blademasters
  Grunn (Depths:2)
  3 titans (Vaults:5)
  The ghost of pleonasm the Warrior, an adept OgBe of Trog (Swamp:3)
  The ghost of Mintean the Bludgeoner, an adept AtFi of Trog (Snake:2)
  An Executioner (Zot:5)
  8 quicksilver dragons
  A walking divine tome (Depths:2)
  2 deep elf master archers (Elf:3)
  11 death cobs
  The ghost of vinnietd the Tortoise, an adept HaFi of Trog (Snake:1)
  Frances (D:13)
  6 sphinxes
  7 tengu reavers
  3 thorn hunters
  13 storm dragons
  Agnes (D:15)
  9 shadow dragons
  Roxanne (Snake:3)
  Donald (Swamp:2)
  9 draconian monks
  3 nagarajas
  13 draconian knights
  16 fire giants
  12 frost giants
  13 draconian scorchers
  2 balrugs (Zot:3)
  18 vault wardens
  2 fenstrider witches (Swamp:1)
  Louise (Swamp:4)
  5 deep elf sorcerers
  4 ghost moths
  12 draconian shifters
  3 deep elf elementalists (Elf:3)
  Aizul (Depths:2)
  15 very ugly things
  3 spriggan defenders (Depths:2)
  3 orc warlords
  2 reapers
  A quicksilver ooze (Gauntlet)
  14 ironbound preservers
  14 stone giants
  13 draconian stormcallers
  5 draconian annihilators
  5 ironbound thunderhulks
  A war gargoyle (Vaults:5)
  6 deep elf demonologists
  14 green draconians
  Nessos (D:13)
  4 eleionomae
  4 vampire knights
  A minotaur (shapeshifter) (Vaults:1)
  18 yellow draconians
  The ghost of monsoonserge the Fighter, a journeyman DsMo of Uskayaw (Lair:3)
  11 purple draconians
  11 black draconians
  10 white draconians
  4 bunyips
  2 minotaurs
  A bunyip (shapeshifter) (Vaults:5)
  2 spark wasps
  8 dire elephants
  Snorg (D:14)
  4 deep elf annihilators
  21 red draconians
  A crystal guardian (Vaults:1)
  5 deep elf death magi
  13 ettins
  2 jiangshi (Depths:1)
  6 deep elf high priests
  10 yaktaur captains
  Josephine (D:13)
  18 fire dragons
  A merfolk impaler (Depths:3)
  5 great orbs of eyes
  3 shambling mangroves (Swamp:4)
  2 peacekeepers
  27 vault guards (Vaults:5)
  30 hydras
  7 ironbound frosthearts
  14 ice dragons
  4 spriggan air magi
  2 ogre magi
  A rakshasa (Depths:1)
  7 centaur warriors
  3 salamander tyrants (Snake:4)
  2 ghost crabs
  12 alligators
  3 catoblepae
  A death knight (D:15)
  13 death yaks
  A two-headed ogre (shapeshifter) (Depths:3)
  9 anacondas
  25 dancing weapons
  10 two-headed ogres
  3 boulder beetles
  2 hell hogs (Depths:1)
  13 tengu warriors
  20 naga warriors
  11 deep troll earth magi
  12 deep troll shamans
  Urug (Lair:2)
  5 spriggan berserkers
  A shock serpent (shapeshifter) (Vaults:5)
  5 vampire magi
  4 orc high priests
  10 shock serpents
  23 naga sharpshooters
  Nergalle (Lair:2)
  19 hell knights
  16 deep elf knights
  5 soul eaters (Depths:1)
  A fire crab (shapeshifter) (Elf:1)
  5 salamander mystics
  3 skysharks
  2 sun demons (Depths:1)
  9 iron trolls
  A fire crab (Lair:3)
  Lodul (D:14)
  4 skeletal warriors
  3 sixfirhies
  6 goliath frogs
  A flayed ghost (Depths:1)
  6 spriggan druids
  2 shadow demons (Depths:4)
  4 naga ritualists
  11 swamp dragons
  A glowing orange brain (Depths:2)
  7 bog bodies
  2 death drakes
  A death drake (shapeshifter) (Depths:2)
  60 deep trolls
  14 ironbound convokers
  A glowing orange brain (shapeshifter) (Vaults:5)
  11 wizards
  An orange crystal statue (Zot:5)
  14 lindwurms
  5 necromancers
  28 deep elf pyromancers
  15 phantasmal warriors
  15 deep elf archers
  Pikel (D:5)
  28 deep elf zephyrmancers
  A harpy (shapeshifter) (D:15)
  2 orc sorcerers
  11 mana vipers
  7 orc knights
  26 ugly things
  The ghost of bairyn the Thaumaturge, a novice SpRe (D:8)
  13 salamanders
  6 manticores
  A worldbinder (Gauntlet)
  A spectral shock serpent (Snake:2)
  10 cyclopes
  29 moths of wrath
  4 will-o-the-wisps
  A guardian serpent (shapeshifter) (D:14)
  17 vault sentinels
  10 elephants
  6 torpor snails
  2 elephants (shapeshifter) (Depths:1)
  27 black mambas
  An ice statue (IceCv)
  18 naga magi
  4 smoke demons (Depths:1)
  2 gargoyles
  2 kobold demonologists (Depths:4)
  22 cane toads
  9 komodo dragons
  5 rime drakes
  A tormentor (Depths:2)
  A rime drake (shapeshifter) (Elf:3)
  A hellion (Depths:1)
  4 anaconda simulacra (IceCv)
  2 unseen horrors
  45 yaktaurs
  An efreet (Volcano)
  2 freezing wraiths
  7 tengu conjurers
  5 trolls
  13 tyrant leeches
  8 polar bears
  A spectral guardian serpent (Snake:2)
  25 hornets
  Prince Ribbit (D:7)
  12 blink frogs
  A wolf spider simulacrum (D:14)
  2 dream sheep (shapeshifter)
  A dream sheep (Lair:3)
  A spectral black mamba (Snake:2)
  22 slime creatures
  A spriggan (shapeshifter) (D:13)
  11 vampires
  2 air elementals (Elf:3)
  13 water elementals
  A shadow (D:9)
  16 spriggans
  9 wraiths
  46 yaks
  A ynoxinul (Depths:2)
  A dire elephant simulacrum (IceCv)
  3 wyverns
  2 basilisks
  2 fire elementals (Volcano)
  A chaos spawn (Depths:2)
  4 steam dragons
  7 death yak simulacra (IceCv)
  17 vampire mosquitoes
  5 wargs
  2 mana viper simulacra (Snake:2)
  4 acid dragons
  21 swamp worms
  32 nagas
  33 orc warriors
  A spectral naga (Snake:2)
  A floating eye (Depths:1)
  27 water moccasins
  2 sky beasts (D:7)
  7 swamp drakes (Swamp:4)
  2 black mamba simulacra (Snake:2)
  2 centaurs
  5 boggarts
  18 wolves
  23 ogres
  2 lemures (D:5)
  12 bullfrogs
  2 kobold brigands
  A gnoll sergeant (D:7)
  5 earth elementals
  4 scorpions
  4 two-headed ogre simulacra (IceCv)
  3 wights (D:7)
  15 killer bees
  An elephant simulacrum (IceCv)
  2 electric eels
  6 howler monkeys
  A jelly (shapeshifter) (D:15)
  3 hounds
  4 jellies
  8 orc priests
  A sleepcap (D:6)
  Natasha (thrice) (D:3)
  4 iguanas
  21 orc wizards
  4 spriggan simulacra (IceCv)
  7 hell rats (Lair:4)
  3 polar bear simulacra (IceCv)
  7 troll simulacra (IceCv)
  A wolf simulacrum (IceCv)
  7 adders
  3 gnolls
  9 naga simulacra
  3 shadow imps
  11 white imps
  4 ufetubi
  2 worms
  A dart slug (D:1)
  97 orcs
  4 endoplasms
  9 giant cockroaches
  6 goblins
  12 hobgoblins
  6 jackals
  4 quokkas
  6 ball pythons
  4 bats
  2 frilled lizards (D:2)
  16 kobolds
  6 rats
  3 spectral weapons (Snake:1)
2193 creatures vanquished.

Vanquished Creatures (collateral kills)
  Tiamat (Zot:1)
  An orb of fire (Zot:1)
  Nikola (Swamp:3)
  A tentacled monstrosity (Zot:2)
  A nagaraja (Snake:1)
  A vault warden (Vaults:4)
  2 ironbound preservers (Vaults:4)
  A black draconian (Zot:1)
  A bunyip (Swamp:3)
  A yaktaur captain (Vaults:4)
  A hydra (Swamp:4)
  A spriggan air mage (Swamp:4)
  A centaur warrior (Vaults:4)
  A goliath frog (Swamp:4)
  A swamp dragon (Swamp:3)
  A necromancer (Vaults:4)
  A salamander (Snake:1)
  A moth of wrath (Swamp:3)
  A black mamba (Snake:1)
  3 yaktaurs
  3 tyrant leeches (Swamp:3)
  A warg (D:8)
  An orc warrior (D:8)
  2 orc priests (D:8)
  4 orcs (D:8)
34 creatures vanquished.

Vanquished Creatures (others)
  A nagaraja (Snake:2)
  A draconian monk (Zot:1)
  2 draconian knights
  A draconian annihilator (Zot:3)
  A bunyip (Swamp:1)
  A white draconian (Zot:2)
  A vault guard (Vaults:5)
  A deep elf pyromancer (Elf:3)
  A bloated husk (Swamp:1)
  A swamp worm (Swamp:1)
  14 foxfires
  8 spectral weapons
33 creatures vanquished.

Grand Total: 2260 creatures vanquished

Notes
Turn   | Place    | Note
-------+----------+-------------------------------------------
     0 | D:1      | ShellytheWitch the Minotaur Berserker began the quest for
                  | the Orb.
     0 | D:1      | Reached XP level 1. HP: 19/19 MP: 0/0
   115 | D:1      | Found a faded altar of an unknown god.
   207 | D:1      | Reached XP level 2. HP: 25/27 MP: 1/1
   368 | D:1      | Reached skill level 4 in Fighting
   790 | D:1      | Reached XP level 3. HP: 33/33 MP: 2/2
  1031 | D:2      | Reached ** piety under Trog
  1203 | D:2      | Reached skill level 1 in Ranged Weapons
  1473 | D:2      | Reached XP level 4. HP: 36/41 MP: 3/3
  1815 | D:3      | Found Zuaghyghu's Assorted Antiques.
  1941 | D:3      | Noticed Natasha
  1949 | D:3      | Killed Natasha
  1985 | D:3      | Noticed Natasha
  1995 | D:3      | Killed Natasha
  2111 | D:3      | Reached XP level 5. HP: 47/47 MP: 4/4
  2164 | D:3      | Noticed Natasha
  2178 | D:3      | Killed Natasha
  2501 | D:4      | Found Ycril's Magic Scroll Shoppe.
  2509 | D:4      | Bought a scroll of blinking for 82 gold pieces
  2509 | D:4      | Bought a scroll of identify for 22 gold pieces
  2509 | D:4      | Bought a scroll of identify for 22 gold pieces
  2509 | D:4      | Bought a scroll of identify for 22 gold pieces
  2539 | D:4      | Reached skill level 5 in Fighting
  2552 | D:4      | Found Pacube Hehi's Vocational Training.
  2597 | D:4      | Identified the ring "Bonluarchi" {rC+ Will+ Slay+2}
  2775 | D:4      | Reached skill level 5 in Axes
  3071 | D:5      | Entered Level 5 of the Dungeon
  3157 | D:5      | Reached *** piety under Trog
  3174 | D:5      | Reached XP level 6. HP: 53/56 MP: 5/5
  3482 | D:5      | Reached skill level 6 in Fighting
  3482 | D:5      | Reached XP level 7. HP: 63/63 MP: 6/6
  3683 | D:5      | Noticed Pikel
  3696 | D:5      | Killed Pikel
  3697 | D:5      | Reached skill level 7 in Fighting
  3697 | D:5      | Reached XP level 8. HP: 66/73 MP: 7/7
  4011 | D:6      | Reached skill level 5 in Armour
  4281 | D:6      | Reached **** piety under Trog
  4427 | D:6      | Reached skill level 5 in Dodging
  4469 | D:6      | Reached skill level 8 in Fighting
  4575 | D:6      | Found a staircase to the Ecumenical Temple.
  4881 | D:7      | Reached XP level 9. HP: 82/82 MP: 8/8
  5290 | D:7      | Reached skill level 5 in Ranged Weapons
  5425 | D:7      | Reached skill level 9 in Fighting
  5775 | D:8      | Noticed Prince Ribbit
  5787 | D:7      | Killed Prince Ribbit
  6156 | D:8      | Paralysed by a hornet for 2 turns
  6595 | D:8      | Reached skill level 10 in Axes
  6595 | D:8      | Reached XP level 10. HP: 76/93 MP: 9/9
  6597 | D:8      | Reached skill level 10 in Fighting
  6754 | D:8      | Found a runed translucent gate.
  6754 | D:8      | Noticed bairyn's ghost (novice SpRe)
  6755 | D:8      | Found a runed translucent gate.
  6757 | D:8      | Found a runed translucent gate.
  6773 | D:8      | Noticed a cyclops
  6785 | D:8      | Killed a cyclops
  6810 | D:8      | Identified the +13 chain mail of Depression {Int+3}
  6935 | D:8      | Found a shimmering altar of Xom.
  7077 | D:8      | Found a staircase to the Lair.
  7289 | D:9      | Reached ***** piety under Trog
  7433 | D:9      | Found a staircase to the Orcish Mines.
  7785 | D:9      | Reached skill level 11 in Fighting
  8509 | D:8      | Killed bairyn's ghost
  8512 | D:8      | Received a gift from Trog
  8513 | D:8      | Reached XP level 11. HP: 97/102 MP: 10/10
  8545 | D:8      | Identified the +2 helmet "Ibbaesit" {Rampage rElec rC+
                  | Dex+3}
  8617 | D:10     | Entered Level 10 of the Dungeon
  8689 | D:10     | Identified a scroll of acquirement
  8693 | D:10     | Noticed a two-headed ogre
  8700 | D:10     | Killed a two-headed ogre
  8837 | D:10     | Identified the +3 ring mail of Vexation {rF+ Dex+3}
  9644 | Lair:1   | Entered Level 1 of the Lair of Beasts
  9719 | Lair:1   | Identified the +1 pair of gloves "Zopous" {rPois rF+
                  | Stlth+}
  9890 | D:8      | Reached skill level 12 in Fighting
  9911 | Lair:1   | Identified the +2 hand axe "Quczyval" {vamp, rN+ Str+4}
 10682 | Lair:1   | Reached skill level 13 in Fighting
 10684 | Lair:1   | Reached XP level 12. HP: 107/115 MP: 11/11
 11598 | Lair:2   | Found a staircase to the Snake Pit.
 11645 | Lair:2   | Noticed a death yak
 11646 | Lair:2   | Noticed a death yak
 11648 | Lair:2   | Noticed a death yak
 11650 | Lair:2   | Noticed a death yak
 11651 | Lair:2   | Noticed a death yak
 11653 | Lair:2   | Noticed a death yak
 11659 | Lair:2   | Noticed Urug
 11661 | Lair:2   | Killed a death yak
 11663 | Lair:2   | Killed a death yak
 11664 | Lair:2   | Reached skill level 10 in Armour
 11665 | Lair:2   | Killed a death yak
 11666 | Lair:2   | Killed a death yak
 11667 | Lair:2   | Reached skill level 14 in Fighting
 11669 | Lair:2   | Killed a death yak
 11670 | Lair:2   | Killed a death yak
 11680 | Lair:2   | Killed Urug
 11753 | Lair:2   | Noticed Nergalle
 11764 | Lair:2   | Killed Nergalle
 12032 | Lair:2   | Noticed an eight-headed hydra
 12041 | Lair:2   | Killed an eight-headed hydra
 12121 | Lair:2   | Found a staircase to the Swamp.
 12173 | Lair:2   | Noticed a five-headed hydra
 12181 | Lair:2   | Killed a five-headed hydra
 12182 | Lair:2   | Reached XP level 13. HP: 125/125 MP: 12/12
 12444 | Lair:3   | Found a dark tunnel.
 12451 | Volcano  | Entered a volcano
 12737 | Lair:3   | Noticed a minotaur
 12748 | Lair:3   | Found a runed translucent gate.
 12748 | Lair:3   | Found a runed translucent gate.
 12748 | Lair:3   | Found a runed translucent gate.
 12748 | Lair:3   | Noticed monsoonserge's ghost (journeyman DsMo)
 12808 | Lair:3   | Killed monsoonserge's ghost
 12808 | Lair:3   | Killed a minotaur
 12809 | Lair:3   | Reached skill level 15 in Fighting
 12809 | Lair:3   | Reached skill level 15 in Axes
 12809 | Lair:3   | Reached skill level 10 in Dodging
 13031 | Lair:3   | Received a gift from Trog
 13712 | Lair:3   | Reached skill level 10 in Ranged Weapons
 14137 | Lair:4   | Found a staircase to the Slime Pits.
 14249 | Lair:4   | Found a gate leading to a gauntlet.
 14267 | Gauntlet | Entered a Gauntlet
 14267 | Gauntlet | Found a transporter.
 14267 | Gauntlet | Found a runed translucent gate.
 14267 | Gauntlet | Found a runed translucent gate.
 14267 | Gauntlet | Found a runed translucent gate.
 14276 | Gauntlet | Found a transporter.
 14278 | Gauntlet | Found a transporter.
 14289 | Gauntlet | Found a transporter.
 14292 | Gauntlet | Found a transporter.
 14300 | Gauntlet | Found a transporter.
 14321 | Gauntlet | Found a transporter.
 14322 | Gauntlet | Found a runed translucent door.
 14332 | Gauntlet | Found a transporter.
 14332 | Gauntlet | Noticed a quicksilver ooze
 14343 | Gauntlet | Found a transporter.
 14362 | Gauntlet | Found a transporter.
 14376 | Gauntlet | Found a transporter.
 14427 | Gauntlet | Found a transporter.
 14440 | Gauntlet | Found a runed translucent door.
 14443 | Gauntlet | Found a transporter.
 14446 | Gauntlet | Found a transporter.
 14731 | Gauntlet | Identified the ring of Toegapt {Will+ EV+5 Int+2}
 14745 | Gauntlet | Killed a quicksilver ooze
 14907 | Gauntlet | Identified the +0 cloak of Guseax {Int+3 SInv}
 14956 | Gauntlet | Identified the +0 plate armour of Claustrophobia {-Tele
                  | rElec rCorr Str+2 Stlth+}
 14956 | Gauntlet | Noticed a minotaur
 14960 | Gauntlet | Killed a minotaur
 14961 | Gauntlet | Reached skill level 16 in Fighting
 14961 | Gauntlet | Reached XP level 14. HP: 137/137 MP: 13/13
 15488 | Lair:5   | Entered Level 5 of the Lair of Beasts
 15840 | Lair:5   | Found a runed translucent door.
 17140 | D:11     | Reached skill level 17 in Fighting
 17267 | D:11     | Found a frozen archway.
 17306 | IceCv    | Entered an ice cave
 17678 | IceCv    | Reached ****** piety under Trog
 17761 | IceCv    | Identified the +2 leather armour "Tavves" {Dex+4}
 17963 | IceCv    | Noticed a reaper
 17975 | IceCv    | Killed a reaper
 17978 | IceCv    | Reached XP level 15. HP: 147/147 MP: 14/14
 18030 | IceCv    | Identified the +7 falchion "Sabruwneibb" {drain, Dex+3}
 18318 | D:11     | Received a gift from Trog
 18498 | D:11     | Found a basalt altar of Yredelemnul.
 18680 | D:11     | Identified the +6 scale mail of the King of the Hill
                  | {rPois}
 18916 | D:11     | Acquired the +4 hat of Focus {Str+3}
 18975 | D:12     | Found a portal to a secret trove of treasure.
 19798 | Orc:1    | Entered Level 1 of the Orcish Mines
 20121 | Orc:1    | Received a gift from Trog
 20229 | Orc:1    | Found Naoteh's Armour Shop.
 20340 | Orc:2    | Entered Level 2 of the Orcish Mines
 20347 | Orc:2    | Found a staircase to the Elven Halls.
 20477 | Orc:2    | Found Kecheh's General Store.
 20717 | Orc:2    | Bought a scroll of teleportation for 39 gold pieces
 20717 | Orc:2    | Bought a scroll of teleportation for 39 gold pieces
 20839 | Orc:2    | Reached skill level 18 in Fighting
 21097 | Orc:2    | Found Muppint's Antique Armour Shop.
 21146 | Orc:2    | Found Ylluc's Jewellery Shop.
 21187 | Orc:2    | Noticed Rupert
 21197 | Orc:2    | Killed Rupert
 21391 | Orc:2    | Found Tuhu's Antique Weapon Emporium.
 21434 | Orc:2    | Found Ygiys's Jewellery Emporium.
 21442 | Orc:2    | Bought the macabre finger necklace {Finger+ rN+} for 560
                  | gold pieces
 21442 | Orc:2    | Found the macabre finger necklace {Finger+ rN+}
 21593 | D:13     | Noticed Jorgrun
 21602 | D:13     | Killed Jorgrun
 21747 | D:13     | Noticed Nessos
 21758 | D:13     | Killed Nessos
 22125 | D:13     | Found a gate to the Vaults.
 22333 | D:13     | Noticed Josephine
 22351 | D:13     | Killed Josephine
 22524 | D:13     | Noticed Frances
 22536 | D:13     | Killed Frances
 22738 | D:14     | Noticed Lodul
 22795 | D:14     | Killed Lodul
 22823 | D:14     | Received a gift from Trog
 23117 | D:14     | Noticed Snorg
 23126 | D:14     | Killed Snorg
 23150 | D:14     | Reached XP level 16. HP: 159/159 MP: 15/15
 24196 | D:15     | Entered Level 15 of the Dungeon
 24261 | D:15     | Reached skill level 19 in Fighting
 24314 | D:15     | Found a staircase to the Depths.
 24515 | D:15     | Noticed Agnes
 24524 | D:15     | Killed Agnes
 25363 | Swamp:1  | Entered Level 1 of the Swamp
 25556 | Swamp:1  | Received a gift from Trog
 27403 | Swamp:3  | Noticed Donald
 27416 | Swamp:2  | Killed Donald
 27671 | Swamp:3  | Reached skill level 20 in Fighting
 27784 | Swamp:3  | Reached XP level 17. HP: 161/170 MP: 16/16
 27806 | Swamp:3  | Received a gift from Trog
 28199 | Swamp:3  | Noticed Nikola
 28212 | Swamp:3  | Killed Nikola
 28311 | Swamp:3  | Found a transporter.
 28313 | Swamp:3  | Noticed pleonasm's ghost (adept OgBe)
 28326 | Swamp:3  | Found a transporter.
 28373 | Swamp:3  | Killed pleonasm's ghost
 28411 | Swamp:3  | Identified the ring of the Piercing Gods {rF+ rC+ rN+}
 28558 | Swamp:4  | Entered Level 4 of the Swamp
 29317 | Swamp:3  | Reached skill level 15 in Armour
 29430 | Swamp:4  | Noticed Louise
 29450 | Swamp:4  | Killed Louise
 30553 | Swamp:4  | Got a decaying rune of Zot
 30753 | Swamp:4  | Reached skill level 21 in Fighting
 31220 | Snake:1  | Entered Level 1 of the Snake Pit
 31273 | Snake:1  | Noticed Asterion
 31300 | Snake:1  | Killed Asterion
 32003 | Snake:1  | Noticed vinnietd's ghost (adept HaFi)
 32007 | Snake:1  | Found a transporter.
 32010 | Snake:1  | Found a transporter.
 32269 | Snake:1  | Reached XP level 18. HP: 182/182 MP: 17/17
 32275 | Snake:1  | Killed vinnietd's ghost
 32376 | Snake:2  | Noticed Saint Roka
 32402 | Snake:1  | Killed Saint Roka
 32897 | Snake:2  | Noticed Vashnia
 33786 | Snake:2  | Killed Vashnia
 34368 | Snake:2  | Found a runed translucent gate.
 34368 | Snake:2  | Found a runed translucent gate.
 34368 | Snake:2  | Found a runed translucent gate.
 34373 | Snake:2  | Noticed Mintean's ghost (adept AtFi)
 35057 | Snake:2  | Killed Mintean's ghost
 35105 | Snake:2  | Acquired 1084 gold pieces
 35978 | Snake:3  | Identified Roxanne's Precepts of the Lithosphere
 35978 | Snake:3  | Noticed Roxanne
 36082 | Snake:3  | Killed Roxanne
 36608 | Snake:3  | Reached skill level 22 in Fighting
 37137 | Snake:3  | Identified the +0 dagger "Lemam" {heavy, Str+3 Int+3}
 37152 | Snake:3  | Identified the +6 plate armour "Rialiut" {Harm +Inv rF++
                  | rC-}
 37218 | Snake:4  | Entered Level 4 of the Snake Pit
 38290 | Snake:4  | Found Timut's Assorted Antiques.
 38297 | Snake:4  | Bought a potion of heal wounds for 160 gold pieces
 38297 | Snake:4  | Bought a pair of glowing boots for 240 gold pieces
 38297 | Snake:4  | Bought a potion of resistance for 320 gold pieces
 38297 | Snake:4  | Bought a scroll of teleportation for 96 gold pieces
 38326 | Snake:4  | Reached skill level 15 in Dodging
 38328 | Snake:4  | Received a gift from Trog
 39018 | Snake:3  | Reached XP level 19. HP: 176/193 MP: 18/18
 39578 | Snake:4  | Reached skill level 15 in Ranged Weapons
 39823 | Snake:4  | Got a serpentine rune of Zot
 40176 | Vaults:1 | Entered Level 1 of the Vaults
 40560 | Vaults:1 | Found Dasirasa's Weapon Emporium.
 40746 | Vaults:1 | Identified the +2 arbalest of Fozirr {flame, Dex+3}
 40791 | Vaults:1 | Found Jats's Assorted Antiques.
 41037 | Vaults:1 | Received a gift from Trog
 42325 | Vaults:2 | Reached skill level 23 in Fighting
 42742 | Vaults:2 | Received a gift from Trog
 43872 | Vaults:2 | Found a staircase to the Crypt.
 43872 | Vaults:2 | Found an ancient bone altar of Kikubaaqudgha.
 43872 | Vaults:2 | Found a basalt altar of Yredelemnul.
 44477 | Vaults:3 | Identified the +11 war axe of the Spinneret {flame, rElec
                  | Str+2 Int+5}
 44998 | Vaults:3 | Reached XP level 20. HP: 201/204 MP: 19/19
 45525 | Vaults:3 | Found a gateway to a bazaar.
 45531 | Bazaar   | Entered a bazaar
 45531 | Bazaar   | Found Allitz's Weapon Shoppe.
 45531 | Bazaar   | Found Odwup Era's General Store.
 45535 | Bazaar   | Found Tunym's Assorted Antiques.
 45544 | Bazaar   | Bought a scroll of enchant armour for 75 gold pieces
 45547 | Bazaar   | Found Dihixzi's General Store.
 45555 | Bazaar   | Bought a scroll of enchant weapon for 82 gold pieces
 45574 | Bazaar   | Bought a scroll of enchant weapon for 157 gold pieces
 45586 | Bazaar   | Bought the +6 battleaxe "Jaxarivo" {elec, Will++ Int+2
                  | Dex+4} for 1356 gold pieces
 45697 | Vaults:3 | You fall into a shaft and drop 1 floor!
 45739 | Vaults:4 | Noticed Margery
 45758 | Vaults:4 | Killed Margery
 45770 | Vaults:4 | Received a gift from Trog
 46917 | Vaults:4 | Reached skill level 24 in Fighting
 47556 | Vaults:4 | Identified the staff of death "Goeseat" {Fly rN+ Str-5
                  | Dex+2 SInv}
 48769 | Elf:1    | Entered Level 1 of the Elven Halls
 49729 | Elf:1    | Found Mooco's Book Boutique.
 49839 | Elf:1    | Found Ziuzxer's Weapon Boutique.
 49839 | Elf:1    | Found Joaby's Magic Scroll Shop.
 49844 | Elf:1    | Found Pyeride's Distillery.
 49853 | Elf:1    | Bought a potion of curing for 57 gold pieces
 49853 | Elf:1    | Bought a potion of invisibility for 152 gold pieces
 49853 | Elf:1    | Bought a potion of curing for 57 gold pieces
 50328 | Elf:2    | Received a gift from Trog
 50669 | Elf:2    | Reached XP level 21. HP: 215/215 MP: 20/20
 50703 | Elf:2    | Found Neciegue's Weapon Emporium.
 50715 | Elf:2    | Bought a +2 triple crossbow of draining for 510 gold pieces
 50886 | Elf:2    | Found Afiq's Antique Weapon Shop.
 50925 | Elf:2    | Found Peewk's Magic Scroll Boutique.
 50995 | Elf:2    | Bought a scroll of teleportation for 33 gold pieces
 51284 | Elf:2    | Found a runed translucent gate.
 51285 | Elf:2    | Found a runed translucent gate.
 51285 | Elf:2    | Found a runed translucent gate.
 51359 | Elf:2    | Received a gift from Trog
 51612 | Elf:2    | Reached skill level 25 in Fighting
 51970 | Elf:3    | Entered Level 3 of the Elven Halls
 52180 | Elf:3    | Paralysed by an air elemental for 1 turns
 52238 | Elf:3    | Received a gift from Trog
 54161 | Elf:3    | Identified the amulet "Maziof" {Faith Fragile Will+ Int+2}
 54211 | Elf:3    | Identified the ring "Hownergh" {rPois Dex+6}
 54212 | Elf:3    | Identified the ring "Cahegeyn" {rF+ Dex+6}
 54339 | Elf:3    | Identified the staff of earth "Geestryu" {rF+}
 54340 | Elf:3    | Identified the +0 pair of gloves "Xojywom" {rF++ rC+ SInv}
 54476 | Elf:3    | Identified the staff of earth "Xays" {Dex+3}
 55002 | Depths:1 | Entered Level 1 of the Depths
 55299 | Depths:1 | Received a gift from Trog
 55419 | Depths:1 | Found a shimmering altar of Xom.
 56122 | Depths:1 | Reached skill level 26 in Fighting
 56183 | Depths:1 | Found a gateway to Hell.
 56526 | Depths:1 | Found Woruruargh's Book Emporium.
 56526 | Depths:1 | Found Codif's Jewellery Shop.
 56527 | Depths:1 | Found Xanyph's Book Emporium.
 56534 | Depths:1 | Bought a ring of positive energy for 440 gold pieces
 56744 | Depths:1 | Reached XP level 22. HP: 225/228 MP: 21/21
 56789 | Depths:2 | Identified the +4 scale mail "Igunool" {rElec Int+3}
 56791 | Depths:1 | Paralysed by a floating eye for 4 turns
 57356 | Depths:1 | Identified the +9 battleaxe of Ewuisod {antimagic, SInv}
                  | (Trog gifted it to you on level 1 of the Depths)
 57356 | Depths:1 | Received a gift from Trog
 58066 | Depths:2 | Found a one-way gate leading to the halls of Pandemonium.
 58275 | Depths:2 | Noticed a caustic shrike
 58292 | Depths:2 | Killed a caustic shrike
 58321 | Depths:2 | Identified the +9 quarterstaff of Doom {flame, rN+ Str+3}
 58327 | Depths:2 | Received a gift from Trog
 58345 | Depths:2 | Reached skill level 27 in Fighting
 58359 | Depths:2 | Noticed Aizul
 58372 | Depths:2 | Killed Aizul
 58572 | Depths:2 | Identified the +1 plate armour of Anaesthesia {Rampage}
 58631 | Depths:2 | Found the +2 hat of the Bear Spirit {Spirit, Bear, *Rage
                  | Will++}
 58807 | Depths:2 | Found a one-way gateway to a ziggurat.
 59184 | Depths:3 | Noticed Grunn
 59505 | Depths:2 | Killed Grunn
 59588 | Depths:3 | Noticed a golden dragon
 59641 | Depths:3 | Killed a golden dragon
 59900 | Depths:2 | Received a gift from Trog
 60800 | Depths:3 | Found a one-way gate to the infinite horrors of the Abyss.
 60906 | Depths:3 | Reached XP level 23. HP: 240/240 MP: 22/22
 61301 | Depths:4 | Entered Level 4 of the Depths
 61974 | Depths:4 | Found a gate to the Realm of Zot.
 62085 | Depths:4 | Identified the amulet "Cuthreos" {RegenMP +Inv Will+++
                  | Dex-3}
 62125 | Depths:4 | Found a shimmering blue altar of Sif Muna.
 62905 | Depths:4 | Identified the +6 battleaxe "Wor Hiti" {flame, Fly Will+
                  | Str-4 Stlth+} (Trog gifted it to you on level 4 of the
                  | Depths)
 62905 | Depths:4 | Received a gift from Trog
 62962 | Depths:4 | Noticed Jory
 62974 | Depths:4 | Killed Jory
 62979 | Depths:4 | Found Bowkuu's Distillery.
 62987 | Depths:4 | Bought a potion of experience for 850 gold pieces
 62987 | Depths:4 | Bought a potion of cancellation for 136 gold pieces
 62987 | Depths:4 | Bought a potion of curing for 51 gold pieces
 62987 | Depths:4 | Bought 2 potions of haste for 340 gold pieces
 62987 | Depths:4 | Reached XP level 24. HP: 249/249 MP: 22/22
 63098 | Depths:4 | Found a sparkling altar of Nemelex Xobeh.
 64391 | D:3      | Bought a scroll of teleportation for 66 gold pieces
 64391 | D:3      | Bought a potion of curing for 66 gold pieces
 64478 | D:4      | Bought a scroll of enchant weapon for 82 gold pieces
 64478 | D:4      | Bought a scroll of blinking for 82 gold pieces
 64873 | Elf:1    | Bought a scroll of enchant armour for 90 gold pieces
 65748 | Vaults:5 | Entered Level 5 of the Vaults
 66005 | Vaults:5 | Received a gift from Trog
 66153 | Vaults:5 | Noticed an ancient lich
 66169 | Vaults:5 | Killed an ancient lich
 66479 | Vaults:5 | Identified the +0 whip "Ukihe" {protect, rElec Int+3}
 66517 | Vaults:5 | Noticed an ancient lich
 66538 | Vaults:5 | Killed an ancient lich
 66629 | Vaults:5 | Received a gift from Trog
 66991 | Vaults:1 | Bought a scroll of enchant armour for 315 gold pieces
 67608 | D:12     | You paid a toll of +4 storm dragon scales to enter a
                  | treasure trove
 67609 | Trove    | Entered a treasure trove
 67686 | Trove    | Reached XP level 25. HP: 257/257 MP: 22/22
 67929 | Vaults:5 | Identified the staff of poison "Zesmin" {Fly rPois rC+
                  | Dex+3}
 67933 | Vaults:5 | Identified the +10 war axe of the Shrinking Gods {protect,
                  | Int+4}
 68102 | Vaults:5 | Reached XP level 26. HP: 265/265 MP: 22/22
 68130 | Vaults:5 | Identified the ring "Vuegg" {rCorr AC+4}
 69072 | Vaults:5 | Got a silver rune of Zot
 69405 | Elf:2    | Bought a scroll of enchant armour for 82 gold pieces
 69752 | Zot:1    | Entered Level 1 of the Realm of Zot
 70388 | Zot:1    | Found a transporter.
 70392 | Zot:1    | Found a transporter.
 70395 | Zot:1    | Found a transporter.
 70397 | Zot:1    | Found a transporter.
 70408 | Zot:1    | Noticed an orb of fire
 70414 | Zot:1    | Gained mutation: Your body sometimes deteriorates upon
                  | taking damage. [an orb of fire]
 70417 | Zot:1    | Gained mutation: Armour fits poorly on your strangely
                  | shaped body. [an orb of fire]
 70420 | Zot:1    | Killed an orb of fire
 70422 | Zot:1    | Lost mutation: Armour fits poorly on your strangely shaped
                  | body. [potion of mutation]
 70422 | Zot:1    | Lost mutation: Your body sometimes deteriorates upon taking
                  | damage. [potion of mutation]
 70422 | Zot:1    | Gained mutation: You occasionally lose the ability to read
                  | scrolls when taking damage. [potion of mutation]
 70422 | Zot:1    | Gained mutation: You are weak. (Str -2) [potion of
                  | mutation]
 70422 | Zot:1    | Gained mutation: You passively map a small area around you.
                  | [potion of mutation]
 70463 | Zot:1    | Identified the ring of Ethics {Fly MP+9 Dex+6}
 70742 | Zot:1    | Received a gift from Trog
 72453 | Zot:2    | Noticed an orb of fire
 72461 | Zot:1    | Gained mutation: Your body sometimes deteriorates upon
                  | taking damage. [an orb of fire]
 72468 | Zot:1    | Killed an orb of fire
 72888 | Zot:1    | Lost mutation: You are weak. (Str -2) [potion of mutation]
 72888 | Zot:1    | Lost mutation: Your body sometimes deteriorates upon taking
                  | damage. [potion of mutation]
 72888 | Zot:1    | Gained mutation: Your body sometimes deteriorates upon
                  | taking damage. [potion of mutation]
 72888 | Zot:1    | Gained mutation: Your magical capacity is low. (-10% MP)
                  | [potion of mutation]
 72889 | Zot:1    | Lost mutation: You passively map a small area around you.
                  | [potion of mutation]
 72889 | Zot:1    | Lost mutation: You occasionally lose the ability to read
                  | scrolls when taking damage. [potion of mutation]
 72889 | Zot:1    | Gained mutation: You expend magic power (3 MP) to
                  | strengthen your wands. [potion of mutation]
 72889 | Zot:1    | Gained mutation: You are robust. (+10% HP) [potion of
                  | mutation]
 72889 | Zot:1    | Gained mutation: Your mind is acute. (Int +4, Str/Dex -1)
                  | [potion of mutation]
 74875 | Zot:2    | Found a runed translucent gate.
 74875 | Zot:2    | Found a runed translucent gate.
 74875 | Zot:2    | Found a runed translucent gate.
 74881 | Zot:2    | Noticed ShutUppercut's ghost (legendary DsGl)
 74910 | Zot:2    | Received a gift from Trog
 74923 | Zot:2    | Killed ShutUppercut's ghost
 75108 | Zot:2    | Identified the +0 cloak "Datt" {rPois Dex+4}
 75200 | Zot:2    | Found the +4 dragonskin cloak
 75200 | Zot:2    | Noticed Tiamat
 75413 | Zot:1    | Killed Tiamat
 75773 | Zot:1    | Reached XP level 27. HP: 300/300 MP: 18/19
 80109 | Zot:4    | Received a gift from Trog
 80905 | Zot:5    | Entered Level 5 of the Realm of Zot
 82156 | Zot:5    | Noticed an ancient lich
 82169 | Zot:5    | Killed an ancient lich
 82469 | Zot:5    | Noticed an orb of fire
 82471 | Zot:5    | Noticed a dread lich
 82472 | Zot:5    | Gained mutation: You have hidden genetic defects. [an orb
                  | of fire]
 82489 | Zot:5    | Killed an orb of fire
 82495 | Zot:5    | Killed a dread lich
 82548 | Zot:5    | Noticed an orb of fire
 82574 | Zot:5    | Noticed a dread lich
 82574 | Zot:5    | Gained mutation: You are agile. (Dex +4, Str/Int -1) [an
                  | orb of fire]
 82585 | Zot:5    | Killed an orb of fire
 82588 | Zot:5    | Killed a dread lich
 82592 | Zot:5    | Received a gift from Trog
 82628 | Zot:5    | Lost mutation: Your magical capacity is low. (-10% MP)
                  | [potion of mutation]
 82628 | Zot:5    | Lost mutation: Your body sometimes deteriorates upon taking
                  | damage. [potion of mutation]
 82628 | Zot:5    | Lost mutation: You expend magic power (3 MP) to strengthen
                  | your wands. [potion of mutation]
 82628 | Zot:5    | Gained mutation: Your system is resistant to poisons.
                  | (rPois) [potion of mutation]
 82628 | Zot:5    | Lost mutation: You are robust. (+10% HP) [potion of
                  | mutation]
 83248 | Zot:5    | Gained mutation: You are frail. (-10% HP) [hidden defects]
 83403 | Zot:5    | Noticed an orb of fire
 83407 | Zot:5    | Noticed an ancient lich
 83407 | Zot:5    | Noticed an orb of fire
 83408 | Zot:5    | Noticed an orb of fire
 83409 | Zot:5    | Gained mutation: You are very frail. (-20% HP) [an orb of
                  | fire]
 83412 | Zot:5    | Gained mutation: Your spells are a little easier to cast,
                  | but a little less powerful. [an orb of fire]
 83415 | Zot:5    | Gained mutation: You occasionally lose the ability to drink
                  | potions when taking damage. [an orb of fire]
 83417 | Zot:5    | Gained mutation: Your magical capacity is low. (-10% MP)
                  | [an orb of fire]
 83418 | Zot:5    | Gained mutation: You occasionally lose the ability to read
                  | scrolls when taking damage. [an orb of fire]
 83419 | Zot:5    | Gained mutation: You have sharp toenails. [an orb of fire]
 83424 | Zot:5    | Noticed an ancient lich
 83426 | Zot:5    | Killed an ancient lich
 83427 | Zot:5    | Killed an orb of fire
 83428 | Zot:5    | Killed an orb of fire
 83432 | Zot:5    | Killed an orb of fire
 83435 | Zot:5    | Noticed a dread lich
 83440 | Zot:5    | Killed an ancient lich
 83452 | Zot:5    | Killed a dread lich
 83469 | Zot:5    | Gained mutation: You are occasionally teleported next to
                  | monsters. [hidden defects]
 83469 | Zot:5    | Lost mutation: You have hidden genetic defects. [hidden
                  | defects expressed]
 83503 | Zot:5    | Lost mutation: You are agile. (Dex +4, Str/Int -1) [potion
                  | of mutation]
 83503 | Zot:5    | Lost mutation: Your spells are a little easier to cast, but
                  | a little less powerful. [potion of mutation]
 83503 | Zot:5    | Lost mutation: You are very frail. (-20% HP) [potion of
                  | mutation]
 83504 | Zot:5    | Lost mutation: Your magical capacity is low. (-10% MP)
                  | [potion of mutation]
 83504 | Zot:5    | Lost mutation: You occasionally lose the ability to read
                  | scrolls when taking damage. [potion of mutation]
 83504 | Zot:5    | Lost mutation: Your mind is acute. (Int +4, Str/Dex -1)
                  | [potion of mutation]
 83504 | Zot:5    | Lost mutation: You are frail. (-10% HP) [potion of
                  | mutation]
 83504 | Zot:5    | Gained mutation: A frigid envelope surrounds you and
                  | freezes all who hurt you. [potion of mutation]
 83679 | Zot:5    | Got the Orb of Zot
 83698 | Zot:5    | Identified the +2 buckler "Ciwuov Goso" {Dex+9}
 83704 | Zot:5    | Noticed an orb of fire
 83730 | Zot:5    | Lost mutation: You occasionally lose the ability to drink
                  | potions when taking damage. [an orb of fire]
 83742 | Zot:5    | Gained mutation: You are frail. (-10% HP) [an orb of fire]
 84074 | D:11     | Noticed Dehamil the pandemonium lord
 84176 | D:8      | Noticed Horuzike the pandemonium lord
 84302 | D:3      | Noticed Pecier the pandemonium lord
 84356 | D:$      | Escaped with the Orb!

Illustrated notes

Levels and vault maps discovered:
D:1:      dpeg_arrival_orchard, layout_loops_ring,
          hellmonk_ecumenical_altar_heavens_door,
          chequers_serial_rivers_micro_e, minmay_split_cup_small
D:2:      minmay_wonky_spiral, layout_loops_ring
D:3:      layout_basic, serial_shops, nicolae_shop_peninsula, uniq_natasha
D:4:      layout_loops_ring, serial_shops, shop, nicolae_shop_vocational
D:5:      layout_loops_ring, gup_sewer_entry_pipe,
          chequers_serial_rivers_large_a, uniq_pikel
D:6:      layout_loops_cross, minmay_temple_entry_statues_pillars, serial_glass,
          glass_columns_b, glass_columns_c
D:7:      layout_basic
D:8:      layout_cave_pods, mainiacjoe_overflow_concentric_impassable,
          erik_lair_orcish_takeover, biasface_ghost_orc_armoury,
          hangedman_decor_diamond_cutter, uniq_prince_ribbit1
D:9:      layout_roguey [special_room_orc], hiddenorc2_lemuel
D:10:     layout_cave_pods, nrook_mini_vaults
D:11:     layout_long_grid, portal_ice_cave_entry_animals_and_master,
          nicolae_nh_vlads_tower
D:12:     layout_loops_cross, enter_trove_6, minmay_starry_boxes
D:13:     layout_cave_pools, erik_vaults_1, nicolae_twisting_strands,
          minmay_increasing_density, uniq_frances, uniq_nessos, uniq_jorgrun,
          uniq_josephine
D:14:     layout_grid_maze, nrook_campfire, minmay_between, uniq_snorg,
          uniq_lodul
D:15:     hangedman_depths_entry_try_elsewhere_first, layout_irregular_city,
          small_statue_intersection, uniq_agnes
Lair:1:   layout_big_grid, minmay_holes, dreamdust_wasp_nest
Lair:2:   layout_regular_city, palyth_hydra_swamp_entry,
          minmay_snake_entry_six_corridors, hibernation_bobbens,
          lemuel_fruit_tree, uniq_urug, uniq_nergalle
Lair:3:   layout_chaotic_city, nicolae_volcano_entry_s_turn,
          maelrawn_ghost_gauntlet_escape, nicolae_lair_lakeside_cave,
          grunt_megastairs_2
Lair:4:   layout_cave_shapes, slime_entry_1, gauntlet_entry_generic
Lair:5:   wormcave, layout_regular_city
Swamp:1:  nicolae_swamp_secret_spriggan_hideout, layout_falls_marsh,
          evilmike_swamp_ruin_rubble_2, swamp_pool4, nicolae_swamp_spooky_pond
Swamp:2:  layout_basic_swamp, evilmike_swamp_ruin_house_6
Swamp:3:  layout_basic_swamp, gammafunk_ghost_berserking_beasts,
          nicolae_swamp_dense_foliage, swamp_pool1, uniq_donald, uniq_nikola
Swamp:4:  swamp, layout_basic_swamp, swamp_pool1, nicolae_swamp_no_escape,
          infiniplex_staircase_pool_2, uniq_louise
Snake:1:  layout_misc_corridors, gammafunk_ghost_arena, grunt_ministairs_15,
          uniq_asterion
Snake:2:  layout_chambers, gammafunk_ghost_necromancy, uniq_saint_roka,
          uniq_vashnia
Snake:3:  layout_misc_corridors, st_stairs_2, drop_trap, nicolae_snake_omega,
          uniq_roxanne
Snake:4:  snake_pit, layout_layer_cave, serial_shops, shop
Orc:1:    layout_caves, serial_shops, shop_fountains
Orc:2:    grunt_orc_gardens, layout_diamond_mine, grunt_orc_garden,
          grunt_orc_garden, grunt_orc_garden, grunt_orc_garden, serial_shops,
          nicolae_shop_hallway_plus, mines2_lemuel, uniq_rupert
Elf:1:    nicolae_elf_arrival_fired_up, layout_geoelf_octagon,
          minmay_elf_annihilation, minmay_shoptagon
Elf:2:    nicolae_elf_blades_crystal_corner, layout_rooms, serial_shops, shop,
          nicolae_shop_just_a_little_nook, nicolae_shop_real_fake_doors
Elf:3:    elf_hall_gauntlet_narrow, layout_loops_corners, chequers_big_river
Vaults:1: kb_rosetta, v_rooms_1, nicolae_vaults_taking_the_gang_shopping,
          nicolae_vaults_network_barrier, vaults_room_stairs_pillars,
          v_alt_pattern_2, vaults_room_ringed_pool, nicolae_vaults_tangram_2,
          v_misc_4, nicolae_vaults_yaktaur_gun_rack, layout_vaults_maze_bifur,
          serial_shops, nicolae_diamond_shop
Vaults:2: hangedman_vaults_locks, minmay_crypt_entry_necro_gods,
          hangedman_vaults_nails, v_misc_3, nicolae_vaults_security_offices_5,
          nicolae_vaults_wine_cellar, layout_vaults_big_room
Vaults:3: nicolae_vaults_stepped_doors, nicolae_vaults_network_periphery,
          v_misc_25, v_misc_30, grunt_vaults_twisty, v_misc_27,
          nicolae_vaults_lightning_bolt, hangedman_vaults_variations,
          ontoclasm_vaults_ring_small, nicolae_vaults_little_squares_2,
          layout_vaults_big_cross, serial_shops, bzr_entry_road
Vaults:4: nicolae_vaults_diagonal_hallway_6,
          nicolae_vaults_trapezoid_lopsided_4, ontoclasm_vaults_fault,
          nicolae_vaults_sesquioval_fish, nicolae_vaults_corridor_and_loot_room,
          nicolae_vaults_tetromino_L_2, layout_vaults_omnigrid, uniq_margery
Vaults:5: serial_shops
Depths:1: layout_cave_pools, hangedman_abyss_or_decor_jellyfish_corner,
          hellmouth_2, xom_teletrap_fun, minmay_shop_grove
Depths:2: minmay_the_grid_square_5x5_5x5 [minmay_the_grid_square_5x5_dogpile,
          minmay_the_grid_square_5x5_meh,
          minmay_the_grid_square_5x5_sharp_hourglass,
          minmay_the_grid_square_5x5_bracketed,
          minmay_the_grid_square_5x5_one_wall,
          minmay_the_grid_square_5x5_inverted_slash,
          minmay_the_grid_square_5x5_prize_gold,
          minmay_the_grid_square_5x5_two_walls_a,
          minmay_the_grid_square_5x5_prize_snowflake,
          minmay_the_grid_square_5x5_beaten_path,
          minmay_the_grid_square_5x5_three,
          minmay_the_grid_square_5x5_doubleslash,
          minmay_the_grid_square_5x5_prize_junk, minmay_the_grid_square_5x5_n,
          minmay_the_grid_square_5x5_intrusive_squares,
          minmay_the_grid_square_5x5_almost_minimal,
          minmay_the_grid_square_5x5_prize_monsterx,
          minmay_the_grid_square_5x5_two_small,
          minmay_the_grid_square_5x5_prize_itemx,
          minmay_the_grid_square_5x5_checkered,
          minmay_the_grid_square_5x5_spiral,
          minmay_the_grid_square_5x5_hollow_slash, minmay_the_grid_square_5x5_c,
          minmay_the_grid_square_5x5_spiral_small,
          minmay_the_grid_square_5x5_longway], layout_cave_pools,
          enter_ziggurat_a, serial_column_ruins, column_ruins_open_tiny,
          column_ruins_open_tiny, column_ruins_open_small,
          column_ruins_corridor_dead_end, roderic_serpentine_path,
          rand_demon_pan_entry_4, hell_entry, minmay_staircase_statues,
          uniq_aizul
Depths:3: minmay_ornate_pinched, layout_cave_shapes,
          nicolae_abyss_entry_one_way_or_another, minmay_staircase_bubble,
          serial_bayou, serial_bayou_lake_a, serial_bayou_pond_e,
          serial_bayou_ford_a, serial_bayou_pond_c, hell_entry,
          kilobyte_rumbling_trees, uniq_grunn
Depths:4: grunt_zot_entry_pinwheel, layout_basic, nemelex_diamond_rough_becter,
          serial_shops, shop, pf_coc_iceberg, nicolae_wwwww,
          hangedman_summoners_spam, uniq_jory
Zot:1:    lemuel_draconian_sentries, layout_cathedral_of_symmetry,
          st_small_dragon_hoard_5, nicolae_transporter_circle
Zot:2:    layout_concentric_octagons, gammafunk_ghost_tricky_traps, uniq_tiamat
Zot:3:    minmay_elemental_castle, layout_basic
Zot:4:    layout_gridlike, bh_zot_lava_cross, st_small_dragon_hoard_3,
          grunt_ministairs_1
Zot:5:    layout_twisted_circle

Skill      XL: |  1  2  3  4  5  6  7  8  9 10 11 12 13 14 15 16 17 18 19 20 21 22 23 24 25 26 27 |
---------------+----------------------------------------------------------------------------------+-----
Axes           | 4 5 7 8 10 11 13 14 16 17 18 19 21 22 23 24 | 24.0
Fighting       | 4 5 6 7 8 9 11 13 14 16 17 18 20 21 22 23 24 26 27 | 27.0
Ranged Weapons | 1 2 3 4 5 7 8 9 10 11 12 13 14 15 16 17 18 19 21 23 26 | 26.0
Armour         | 3 4 5 7 8 9 10 11 12 13 14 15 16 17 18 19 21 22 24 26 | 26.8
Dodging        | 3 4 5 6 7 8 9 10 11 12 13 14 15 16 17 19 20 21 22 24 | 24.8

Action                     |  1- 3 |  4- 6 |  7- 9 | 10-12 | 13-15 | 16-18 | 19-21 | 22-24 | 25-27 || total
---------------------------+-------+-------+-------+-------+-------+-------+-------+-------+-------++-------
  Melee: Hand axe          |    88 |    80 |   158 |    27 |       |       |       |       |       ||   353
         Headbutt          |    13 |    10 |    27 |    70 |   119 |   169 |   183 |   164 |   250 ||  1005
         War axe           |       |       |       |   147 |       |       |       |       |       ||   147
         Dire flail        |       |       |       |    19 |     7 |    84 |       |       |       ||   110
         Punch             |       |       |       |     3 |       |       |       |       |       ||     3
         Battleaxe         |       |       |       |   197 |   579 |     8 |       |       |    83 ||   867
         Executioner's axe |       |       |       |       |       |   578 |   761 |   580 |   686 ||  2605
   Fire: Sling             |       |   136 |    99 |    38 |       |       |       |       |       ||   273
         Shortbow          |       |       |       |   162 |   156 |       |       |       |       ||   318
         Arbalest          |       |       |       |       |   252 |       |       |       |       ||   252
         Hand crossbow     |       |       |       |       |    28 |       |       |       |       ||    28
         Longbow           |       |       |       |       |    74 |   828 |  1044 |   132 |       ||  2078
         Triple crossbow   |       |       |       |       |       |       |       |   177 |   419 ||   596
 Invoke: Berserk           |       |     1 |     2 |     5 |    10 |    10 |     4 |     3 |     4 ||    39
         Trog's Hand       |       |       |       |     3 |     5 |    12 |    12 |    14 |     8 ||    54
         Brothers in Arms  |       |       |       |     1 |     3 |     9 |     2 |     1 |     5 ||    21
  Evoke: Wand              |       |       |       |       |       |       |       |       |    10 ||    10
    Use: Scroll            |     5 |     9 |     4 |    10 |    16 |     5 |     6 |     7 |    10 ||    72
         Potion            |       |       |       |     1 |       |     2 |     8 |     6 |    11 ||    28
   Stab: Distracted        |       |       |       |     1 |     5 |       |     2 |       |       ||     8
         Confused          |       |       |       |       |       |     1 |       |       |       ||     1
 Armour: Ring mail         |    24 |     4 |       |       |       |       |       |       |       ||    28
         Chain mail        |       |    37 |    95 |   236 |   390 |   649 |   405 |   401 |    19 ||  2232
         Plate armour      |       |       |       |    64 |       |       |       |       |       ||    64
         Storm dragon scal |       |       |       |       |       |       |       |       |   395 ||   395
  Dodge: Dodged            |    39 |    33 |    68 |   272 |   405 |   833 |   777 |   722 |  1158 ||  4307
  Block: Kite shield       |     6 |    40 |    79 |    13 |       |       |       |       |       ||   138
